 Dungeon Crawl Stone Soup version 0.32-a0-913-g739538afd8 (webtiles) character file.

Game seed: 4899739339020393110

254 Fodor the Chopper (level 5, -12/47 HPs)
             Began as a Minotaur Fighter on Apr 9, 2024.
             Mangled by Edmund
             ... wielding a +3 heavy flail
              (13 damage)
             ... on level 4 of the Dungeon.
             The game lasted 00:04:39 (2100 turns).

Fodor the Chopper (Minotaur Fighter)                Turns: 2100, Time: 00:04:41

Health: -12/47     AC:  7    Str: 22    XL:     5   Next: 90%
Magic:  4/4        EV:  9    Int:  5    God:
Gold:   132        SH:  4    Dex: 10    Spells: 4/4 levels left

rFire   . . .        a - +0 war axe
rCold   . . .        c - +0 buckler
rNeg    . . .        b - +0 scale mail
rPois   .            (helmet restricted)
rElec   .            (no cloak)
rCorr   .            (no gloves)
SInv    .            (no boots)
Will    +....        (no amulet) Stlth
                     (no ring)
HPRegen 0.27/turn    (no ring)
MPRegen 0.09/turn

%: no passive effects
@: enlightened, flying
A: horns 2, retaliatory headbutt
a: no special abilities


You were on level 4 of the Dungeon.
You visited 1 branch of the dungeon, and saw 4 of its levels.

You collected 132 gold pieces.

Inventory:

Hand Weapons
 a - a +0 war axe (weapon)
Armour
 b - a +0 scale mail (worn)
 c - a +0 buckler (worn)
Scrolls
 f - 2 scrolls of enchant weapon {unknown}
 h - a scroll of enchant armour {unknown}
 j - a scroll of identify {unknown}
 k - a scroll of teleportation {unknown}
 l - a scroll of amnesia {unknown}
 m - a scroll of revelation {unknown}
 n - 2 scrolls of poison {unknown}
Potions
 d - a potion of might
 e - 2 potions of lignification {unknown}
 g - a potion of enlightenment
 i - a potion of invisibility {unknown}
 o - a potion of heal wounds {unknown}


   Skills:
 + Level 4.3 Fighting
 + Level 5.2 Axes
 + Level 5.1 Armour
 + Level 1.2 Dodging
 + Level 0.4 Stealth
 + Level 4.3 Shields


You had 4 spell levels left.
You didn't know any spells.
Your spell library was empty.

Dungeon Overview and Level Annotations

Branches:
Dungeon (4/15)
 Temple: D:4-7

Altars:
Ru

Annotations:
D:4 Edmund


Innate Abilities, Weirdness & Mutations

You have a pair of horns on your head.
You reflexively headbutt those who attack you in melee.


Message History

You kill the kobold!
You hit the ball python.
You kill the ball python!
Things that are here:
a +0 dagger; 5 poisoned darts
Found a stone staircase leading down.
No target in view!
Edmund the Younger comes into view.
He is wielding a +3 heavy flail.
Edmund shouts!
You hit Edmund.
Edmund is lightly wounded.
Edmund hits you with a +3 heavy flail!
You slash Edmund!
Edmund is moderately wounded.
Edmund says, "People accused me of being a cutpurse!"
Edmund barely misses you.
You closely miss Edmund.
Edmund is moderately wounded.
Edmund hits you with a +3 heavy flail!
You hit Edmund. You headbutt Edmund.
Edmund is heavily wounded.
Edmund hits you with a +3 heavy flail!
* * * LOW HITPOINT WARNING * * *
You closely miss Edmund. You headbutt Edmund.
Edmund is heavily wounded.
You hit Edmund but do no damage.
Edmund is heavily wounded.
Edmund hits you but does no damage.
You hit Edmund but do no damage. Your headbutt misses Edmund.
Edmund is heavily wounded.
Edmund hits you with a +3 heavy flail!
* * * LOW HITPOINT WARNING * * *
Unknown command.
It was a potion of enlightenment.
You feel very buoyant.
You fly up into the air.
Edmund says, "People accused me of being a cutpurse!"
Edmund hits you with a +3 heavy flail!
You die...
Edmund says, "I'd like to see a scythe do that!"

### ..# #.# ..# #.#
..######### #.#
..##......######.#
..##.............#
..##......#.#....# #
..##).....#.#.##.#.#
..........+.....@.>#
..##......#.####@#.#
####......#.. ..# #
# #......### #### #
#......# # #......#
# #......# #
#......#


You could see Edmund.

Vanquished Creatures
  An ogre (D:4)
  5 gnolls
  4 adders
  3 dart slugs
  A ribbon worm (D:3)
  4 orcs
  4 bats
  An endoplasm (D:1)
  3 giant cockroaches (D:1)
  6 goblins
  8 hobgoblins
  9 jackals
  A quokka (D:3)
  8 ball pythons
  2 frilled lizards (D:3)
  10 kobolds
  4 rats
74 creatures vanquished.

Notes
Turn   | Place    | Note
-------+----------+-------------------------------------------
     0 | D:1      | Fodor the Minotaur Fighter began the quest for the Orb.
     0 | D:1      | Reached XP level 1. HP: 19/19 MP: 0/0
    90 | D:1      | Found a faded altar of an unknown god.
   142 | D:1      | Reached XP level 2. HP: 26/27 MP: 1/1
   276 | D:1      | Reached XP level 3. HP: 33/33 MP: 2/2
   913 | D:2      | Found a sacrificial altar of Ru.
  1226 | D:3      | Reached XP level 4. HP: 37/40 MP: 3/3
  1643 | D:3      | Reached XP level 5. HP: 44/46 MP: 4/4
  1651 | D:3      | Reached skill level 1 in Dodging
  2006 | D:4      | Noticed an ogre
  2010 | D:4      | Killed an ogre
  2011 | D:4      | Reached skill level 5 in Axes
  2011 | D:4      | Reached skill level 5 in Armour
  2092 | D:4      | Noticed Edmund
  2099 | D:4      | HP: 1/47 [Edmund/+3 heavy flail (14)]
  2100 | D:4      | Mangled by Edmund

Illustrated notes

Levels and vault maps discovered:
D:1:      orjb1_lava_funnel, layout_loops_ring, basic_ecumenical_altar,
          dk_noncrumbling_3, st_stairs_13
D:2:      layout_basic, basic_altar
D:3:      layout_basic
D:4:      layout_basic, uniq_ijyb, uniq_edmund

Skill      XL: |  1  2  3  4  5 |
---------------+----------------+-----
Axes           | 3 4 5 |  5.2
Armour         | 4 5 |  5.1
Shields        | 4 |  4.3
Fighting       | 4 |  4.3
Dodging        | 1 |  1.2
Stealth        | |  0.4

Action                     |  1- 3 |  4- 6 || total
---------------------------+-------+-------++-------
  Melee: War axe           |   104 |    70 ||   174
         Headbutt          |     9 |    10 ||    19
    Use: Potion            |       |     1 ||     1
 Armour: Scale mail        |    86 |    57 ||   143
  Dodge: Dodged            |    56 |    21 ||    77
  Block: Buckler           |    21 |    14 ||    35

Table legend: (Time is in decaauts)
 A = Elapsed time spent in this place.
 B = Non-inter-level travel time spent in this place.
 C = Inter-level travel time spent in this place.
 D = Time resting spent in this place.
 E = Time spent auto-exploring this place.
 F = Levels seen in this place.
 G = Mean time per level.
                   A        B        C        D        E       F      G
               +--------+--------+--------+--------+--------+-----+--------+
         Total |   2159 |   2159 |      0 |     90 |   1548 |   4 |  539.8 |
       Dungeon |   2159 |   2159 |      0 |     90 |   1548 |   4 |  539.8 |
               +--------+--------+--------+--------+--------+-----+--------+

Top non-repeatable levels by time:
     D:1: 725 daAuts
     D:3: 654 daAuts
     D:2: 527 daAuts
     D:4: 252 daAuts
